 Dungeon Crawl Stone Soup version 0.26.1-11-gd32895ea62 (webtiles) character file.

Game seed: 12259374691181199232

59 Descartes the Ducker (level 3, 0/15 HPs)
             Began as a Felid Transmuter on July 8, 2021.
             Slain by an adder (4 damage)
             ... on level 2 of the Dungeon.
             The game lasted 00:03:00 (2130 turns).

Descartes the Ducker (Felid Transmuter)             Turns: 2130, Time: 00:03:01

Health: 0/15       AC:  1    Str:  7    XL:     3   Next: 78%
Magic:  7/7        EV: 20    Int: 14    God:
Gold:   86         SH:  0    Dex: 16    Spells: 5/6 levels left
                                        Lives:  0   Deaths: 0

rFire    . . .     SeeInvis +     - Unarmed
rCold    . . .     Faith    .   (shield unavailable)
rNeg     . . .     Spirit   .   (armour unavailable)
rPois    .         Reflect  .   (helmet unavailable)
rElec    .         Harm     .   (cloak unavailable)
rCorr    .         Rampage  .   (gloves unavailable)
Will     .....                  (boots unavailable)
Stlth    ++........             b - amulet of magic regeneration
HPRegen  0.05/turn              (no ring)
MPRegen  0.35/turn              (no ring)

@: lethally poisoned (0 -> -8), appendages (expiring), quick
A: very small, no armour, no weapons or thrown items, stealth, claws 1, fangs 3,
horns 2, see invisible, speed 1, shaggy fur 1, sharp paws
a: End Transformation


You were on level 2 of the Dungeon.
You had grown temporary horns.
You visited 1 branch of the dungeon, and saw 2 of its levels.

You collected 86 gold pieces.

Inventory:

Jewellery
 b - an amulet of magic regeneration (around neck)
Scrolls
 a - a scroll of fog {unknown}
 d - a scroll of identify {unknown}
 e - a scroll of enchant weapon {unknown}
 f - a scroll of fear {unknown}
 i - a scroll of remove curse {unknown}
 j - a scroll of immolation {unknown}
Potions
 c - a potion of heal wounds {unknown}
 g - 2 potions of berserk rage {unknown}
 h - a potion of curing {unknown}


   Skills:
 - Level 1.0 Fighting
 - Level 5.0 Dodging
 + Level 1.6 Stealth
 + Level 3.2 Unarmed Combat
 - Level 2.0 Spellcasting
 - Level 2.1 Transmutations


You had 5 spell levels left.
You knew the following spells:

 Your Spells              Type           Power        Failure   Level
a - Beastly Appendage     Tmut           14%          10%         1

Your spell library contained the following spells:

 Spells                   Type           Power        Failure   Level
 Wereblood                Tmut           7%           14%         2
 Spider Form              Tmut/Pois      2%           41%         3
 Ice Form                 Ice/Tmut       4%           83%         4
 Blade Hands              Tmut           3%           95%         5


Dungeon Overview and Level Annotations

Branches:
Dungeon (2/15)

Altars:
Gozag


Innate Abilities, Weirdness & Mutations

You cannot wear armour.
You are incapable of wielding weapons or throwing items.
Your paws allow you to move quietly. (Stealth)
You have sharp claws.
You have razor-sharp teeth.
You have supernaturally acute eyesight. (SInv)
You cover ground quickly.
You are covered in fur. (AC +1)
Your sharp claws are effective at attacking unaware monsters.
You have a pair of horns on your head.


Message History

You barely miss the adder. Your headbutt misses the adder.
The adder is heavily wounded.
The adder bites you.
You miss the adder. Your bite misses the adder.
The adder is heavily wounded.
The adder bites you.
You are lethally poisoned!
The adder poisons you! The adder misses you.
You are too injured to fight recklessly!
You are too injured to fight recklessly!
You are too injured to fight recklessly!
You are too injured to fight recklessly!
You are too injured to fight recklessly!
You are too injured to fight recklessly!
There is a lethal amount of poison in your body!
You closely miss the adder. Your headbutt misses the adder.
The adder is heavily wounded.
* * * LOW HITPOINT WARNING * * *
You feel sick. The adder bites you.
You die...

#.# #)##
#.# #..#
#.#
#..########
#........)#
##.######.#
##.# #.#
#.# ...#
#.# #.#
#### #.#
#.# #.# #@#
..# #S# ###
#.# #.# #.#
#.# #.# #.#


You could see an adder.

Vanquished Creatures
  2 adders (D:2)
  A dart slug (D:1)
  4 leopard geckos
  2 bats (D:1)
  2 giant cockroaches (D:2)
  2 goblins (D:1)
  8 hobgoblins
  A ball python (D:1)
  3 frilled lizards
  6 kobolds
  4 rats
35 creatures vanquished.

Notes
Turn   | Place    | Note
-------+----------+-------------------------------------------
     0 | D:1      | Descartes the Felid Transmuter began the quest for the Orb.
     0 | D:1      | Reached XP level 1. HP: 9/9 MP: 4/4
    18 | D:1      | Noticed a black bear
    18 | D:1      | Noticed a swamp worm
    18 | D:1      | Noticed a snapping turtle
    19 | D:1      | Noticed a killer bee
    19 | D:1      | Noticed an anaconda
    38 | D:1      | Reached skill level 3 in Dodging
   105 | D:1      | Reached XP level 2. HP: 12/12 MP: 4/6
   191 | D:1      | Reached skill level 4 in Dodging
  1068 | D:1      | Reached XP level 3. HP: 13/15 MP: 7/7
  1502 | D:2      | Reached skill level 5 in Dodging
  1508 | D:2      | Found an opulent altar of Gozag.
  2002 | D:2      | Reached skill level 1 in Stealth
  2130 | D:2      | Slain by an adder

Illustrated notes

Levels and vault maps discovered:
D:1:      onia_arrival_zoo_common, layout_basic
D:2:      layout_loops_ring, nicolae_gozag_cash_rules_everything_around_me

Skill      XL: |  1  2  3 |
---------------+----------+-----
Dodging        | 3 4 5 |  5.0
Stealth        | 1 |  1.6
Fighting       | |  1.0
Unarmed Combat | |  3.2
Spellcasting   | |  2.0
Transmutations | |  2.1

Action                   || total
-------------------------++-------
Melee: Unarmed           ||   118
       Headbutt          ||    11
       Bite              ||    13
       Punch             ||     5
 Cast: Beastly Appendage ||    26
 Stab: Sleeping          ||     2
Armor: Skin              ||     3
Dodge: Dodged            ||   104
